 Dungeon Crawl Stone Soup version 0.29.0-4-gdea44cf6ec (webtiles) character file.

Game seed: 16911726302212300318

207 qw the Chopper (level 5, -3/30 HPs)
             Began as a Tengu Warper on Aug 28, 2022.
             Blown up by Ijyb (15 damage)
             ... with a mindburst bolt
             ... on level 4 of the Dungeon.
             The game lasted 00:00:18 (3386 turns).

qw the Chopper (Tengu Warper)                       Turns: 3386, Time: 00:00:18

Health: -3/30      AC:  5    Str: 10 (13) XL:     5   Next: 85%
Magic:  9/9        EV: 12    Int: 14      God:
Gold:   247        SH:  5    Dex: 13      Spells: 8/8 levels left

rFire   . . .      SeeInvis .   Y - +2 hand axe (protect)
rCold   + . .      Faith    .   (no shield)
rNeg    . . .      Spirit   .   i - +0 ring mail
rPois   .          Reflect  +   (helmet restricted)
rElec   .          Harm     .   (no cloak)
rCorr   +          Rampage  .   (no gloves)
Will    .....                   (boots unavailable)
Stlth   +.........              g - amulet of reflection
HPRegen 0.10/turn               j - ring of resist corrosion
MPRegen 0.11/turn               f - ring of protection from cold

@: flying quickly and evasively, quick
A: beak, talons 3, nimble flight
a: no special abilities


You were on level 4 of the Dungeon.
You visited 1 branch of the dungeon, and saw 4 of its levels.

You collected 247 gold pieces.


Innate Abilities, Weirdness & Mutations

You have a beak for a mouth.
You have claws for feet.
Your magical nature lets you fly swiftly and evasively.


   Skills:
 - Level 2.0 Fighting
 + Level 6.5 Axes
 - Level 1.0 Throwing
 - Level 1.1 Armour
 - Level 2.1 Dodging
 - Level 2.0 Spellcasting
 - Level 2.4 Translocations


You had 8 spell levels left.
You didn't know any spells.
Your spell library contained the following spells:

 Spells                   Type           Power      Damage    Failure   Level
 Blink                    Tloc           16%        N/A       34%         2
 Gell's Gravitas          Tloc           8%         N/A       56%         3
 Lesser Beckoning         Tloc           8%         N/A       56%         3
 Teleport Other           Tloc           8%         N/A       56%         3
 Manifold Assault         Tloc           8%         N/A       99%         5

Inventory:

Hand Weapons
 e - a +0 mace
 Y - a +2 hand axe of protection (weapon)
Armour
 i - a +0 ring mail (worn)
 k - the +1 robe "Nicurph Wisi" {rF+}
   (You found it on level 3 of the Dungeon)

   rF:        It protects you from fire.
Jewellery
 f - a ring of protection from cold (right hand)
 g - an amulet of reflection (around neck)
 j - a ring of resist corrosion (left hand)
Scrolls
 a - 3 scrolls of identify
Potions
 h - 4 potions of curing
 l - a potion of mutation {unknown}
 m - a potion of attraction {unknown}

Dungeon Overview and Level Annotations

Branches:
Dungeon (4/15)
 Temple: D:4-7

Altars:
Uskayaw
Xom

Shops:
D:2 =

Annotations:
D:4 Ijyb


Message History

What level of the Dungeon? (default 1, ? - help)
There is a stone staircase leading down here.
You fly downwards.
The ball python hisses angrily.
There is a stone staircase leading up here.
A ball python is nearby!
Existing waypoints: (1) D:2 (2) D:3 Assign waypoint to what number? (0-9, D - delete waypoint) Waypoint 1 re-assigned from D:2 to D:4.
Enter note: You hit the ball python.
Your weapon exudes an aura of protection.
You kill the ball python!
An endoplasm comes into view.
You slash the endoplasm!
Your weapon exudes an aura of protection.
You kill the endoplasm!
b - a scroll of enchant weapon
3303 ||| READING scroll of enchant weapon.
As you read the scroll of enchant weapon, it crumbles to dust.
Your +1 hand axe of protection glows red for a moment.
3303 ||| ENCHANTING +1 hand axe of protection.
You now have 247 gold pieces (gained 9).
Found a stone staircase leading down.
There is a stone staircase leading down here.
a - 2 scrolls of identify (gained 1)
Found a stone staircase leading up.
a - 3 scrolls of identify (gained 1)
Found an escape hatch in the floor.
Found 2 poisoned darts.
Ijyb the Twisted Goblin comes into view.
She is wielding a +0 club and carrying a wand of mindburst (10).
3381 ||| Stepping ~*~*~tactically~*~*~ (hiding).
You start waiting.
Ijyb is nearby!
Ijyb zaps a wand.
Your mind is blasted!
Ouch! That really hurt!
Ijyb zaps a wand.
Your mind is blasted!
Ouch! That really hurt!
You die...

#. #.# #.#. ..## ...
..^ (. ...# #.##..#
#.....# #..g..# #>@..#
##########...#
#.<..........###
#.#............#
#######.#.######..##.#
.........#.# #..# .#
.######.#.######..##.#
.# #...........##.# .#
#########...##.#


You could see Ijyb.

Vanquished Creatures
  Natasha (thrice) (D:2)
  4 adders
  4 gnolls (D:3)
  2 worms (D:2)
  4 ball pythons
  6 bats
  4 endoplasms
  3 giant cockroaches
  5 goblins
  8 hobgoblins
  5 kobolds
  A quokka (D:1)
  4 frilled lizards
  5 rats
58 creatures vanquished.

Notes
Turn   | Place    | Note
-------+----------+-------------------------------------------
     0 | D:1      | qw the Tengu Warper began the quest for the Orb.
     0 | D:1      | Reached XP level 1. HP: 12/12 MP: 4/4
     0 | D:1      | 0 ||| qw: Version: 0.1-a-89-g26bdef1
     0 | D:1      | 0 ||| qw: Game counter: 134
     0 | D:1      | 0 ||| qw: Always use a shield: true
     0 | D:1      | 0 ||| qw: God list: Okawaru
     0 | D:1      | 0 ||| qw: Allow faded altars: false
     0 | D:1      | 0 ||| qw: Do Orc after D:15 true
     0 | D:1      | 0 ||| qw: Do second Lair branch before Depths: true
     0 | D:1      | 0 ||| qw: Lair rune preference: random
     0 | D:1      | 0 ||| qw: Plans: Normal
     0 | D:1      | 0 ||| PLANNING D:1-11
   249 | D:1      | 249 ||| Stepping ~*~*~tactically~*~*~ (stealth).
   304 | D:1      | Reached XP level 2. HP: 17/17 MP: 6/6
   329 | D:1      | 329 ||| Stepping ~*~*~tactically~*~*~ (stealth).
   333 | D:1      | Reached skill level 3 in Axes
   816 | D:1      | Reached XP level 3. HP: 21/21 MP: 7/7
   989 | D:1      | 989 ||| UPGRADING to +0 ring mail.
   999 | D:1      | 999 ||| DROPPING +0 leather armour.
  1000 | D:1      | 1000 ||| UPGRADING to ring of resist corrosion.
  1001 | D:1      | 1001 ||| READING scroll labelled LOHIHU PARA.
  1002 | D:1      | 1002 ||| READING scroll labelled QEKLOEQUCH.
  1003 | D:1      | 1003 ||| READING scroll labelled POLIACK QOGAR.
  1004 | D:1      | 1004 ||| READING scroll labelled TOCKOC GAECWED.
  1005 | D:1      | 1005 ||| DROPPING scroll of blinking.
  1049 | D:2      | Reached skill level 4 in Axes
  1049 | D:2      | 1049 ||| FLEEEEING.
  1050 | D:2      | 1050 ||| FLEEEEING.
  1055 | D:2      | 1055 ||| FLEEEEING.
  1056 | D:2      | 1056 ||| FLEEEEING.
  1057 | D:2      | 1057 ||| STAIRDANCE
  1182 | D:2      | Noticed Natasha
  1183 | D:2      | 1183 ||| Stepping ~*~*~tactically~*~*~ (hiding).
  1184 | D:2      | 1184 ||| Stepping ~*~*~tactically~*~*~ (hiding).
  1186 | D:2      | 1186 ||| Stepping ~*~*~tactically~*~*~ (hiding).
  1193 | D:2      | Killed Natasha
  1194 | D:2      | Reached XP level 4. HP: 18/26 MP: 8/8
  1330 | D:2      | 1330 ||| Stepping ~*~*~tactically~*~*~ (stealth).
  1335 | D:2      | 1335 ||| Stepping ~*~*~tactically~*~*~ (stealth).
  1390 | D:2      | Noticed Natasha
  1398 | D:2      | Killed Natasha
  1399 | D:2      | Reached skill level 5 in Axes
  1610 | D:2      | Found Bifeg's Jewellery Emporium.
  1618 | D:2      | 1618 ||| SHOPLISTING +4 ring of evasion (504 gold, have
                  | 98).
  1618 | D:2      | 1618 ||| SHOPLISTING ring "Edist" {rC++ rN+ Str+3 Dex-5}
                  | (564 gold, have 98).
  1618 | D:2      | 1618 ||| SHOPLISTING ring "Memousy" {rElec Will+ Dex+8
                  | Slay-5} (487 gold, have 98).
  1618 | D:2      | 1618 ||| SHOPLISTING ring of ice (350 gold, have 98).
  1618 | D:2      | 1618 ||| SHOPLISTING ring of resist corrosion (280 gold,
                  | have 98).
  1760 | D:2      | Noticed Natasha
  1771 | D:2      | Killed Natasha
  1772 | D:2      | Gained mutation: Your magical nature lets you fly swiftly
                  | and evasively. [Tengu growth]
  1772 | D:2      | Reached XP level 5. HP: 21/30 MP: 9/9
  1877 | D:2      | Found a faded altar of an unknown god.
  2063 | D:2      | 2063 ||| UPGRADING to amulet of reflection.
  2068 | D:2      | 2068 ||| UPGRADING to ring of protection from cold.
  2069 | D:2      | 2069 ||| READING 3 scrolls labelled GODIMIMAMI.
  2070 | D:2      | 2070 ||| READING scroll labelled IZAENG MIERE.
  2071 | D:2      | 2071 ||| DRINKING 2 sedimented blue potions.
  2072 | D:2      | 2072 ||| DRINKING 3 sapphire potions.
  2073 | D:2      | 2073 ||| DRINKING 3 brown potions.
  2074 | D:2      | 2074 ||| READING 2 scrolls of identify.
  2074 | D:2      | 2074 ||| IDENTIFYING puce potion
  2075 | D:2      | 2075 ||| DROPPING potion of degeneration.
  2076 | D:2      | 2076 ||| DROPPING 2 potions of brilliance.
  2274 | D:3      | 2274 ||| DROPPING +0 club.
  2368 | D:3      | Identified the +1 robe "Nicurph Wisi" {rF+}
  2398 | D:3      | Found a shimmering altar of Xom.
  2399 | D:3      | Found a hide-covered altar of Uskayaw.
  2409 | D:3      | Reached skill level 6 in Axes
  2759 | D:3      | 2759 ||| Stepping ~*~*~tactically~*~*~ (stealth).
  2761 | D:3      | 2761 ||| Stepping ~*~*~tactically~*~*~ (hiding).
  2764 | D:3      | 2764 ||| Stepping ~*~*~tactically~*~*~ (stealth).
  2779 | D:3      | HP: 6/30 [gnoll/+0 halberd (3)]
  2780 | D:3      | 2780 ||| DRINKING potion of heal wounds.
  3241 | D:3      | 3241 ||| DROPPING amulet of guardian spirit.
  3242 | D:3      | 3242 ||| READING scroll labelled OWNANT QASOS.
  3303 | D:4      | 3303 ||| READING scroll of enchant weapon.
  3303 | D:4      | 3303 ||| ENCHANTING +1 hand axe of protection.
  3380 | D:4      | Noticed Ijyb
  3381 | D:4      | 3381 ||| Stepping ~*~*~tactically~*~*~ (hiding).
  3386 | D:4      | Blown up by Ijyb

Levels and vault maps discovered:
D:1:      shiori_arrival_oz, layout_loops_corners
D:2:      minmay_spotlight, layout_rooms, shapermc_ecumenical_altar_pompeii,
          serial_shops, nicolae_shop_advertising_works
          [nicolae_subvault_shop_adworks], uniq_natasha
D:3:      layout_basic, nicolae_overflow_two_pavilions, grunt_decor_arrowhead,
          hex_tiny
D:4:      layout_loops_ring, minmay_temple_entry_butterflies, uniq_duvessa,
          uniq_ijyb

Skill      XL: |  1  2  3  4  5 |
---------------+----------------+-----
Axes           | 3 4 5 6 |  6.5
Fighting       | |  2.0
Throwing       | |  1.0
Armour         | |  1.1
Dodging        | |  2.1
Spellcasting   | |  2.0
Translocations | |  2.4

Action                   |  1- 3 |  4- 6 || total
-------------------------+-------+-------++-------
Melee: Hand axe          |    71 |    90 ||   161
       Kick              |    16 |    18 ||    34
       Peck              |     7 |    13 ||    20
       Punch             |       |     1 ||     1
Throw: Boomerang         |     7 |       ||     7
  Use: Scroll            |     4 |     5 ||     9
       Potion            |       |     4 ||     4
Armor: Leather armour    |    17 |       ||    17
       Ring mail         |     5 |    31 ||    36
Dodge: Dodged            |    30 |    53 ||    83
Block: Other             |       |     5 ||     5
       Reflection        |       |     1 ||     1

Table legend:
 A = Non-vault XP
 B = Vault XP
 C = Vault XP percentage of total XP
 D = Non-vault monster count
 E = Vault monster count
 F = Vault count percentage of total count
                 A         B        C        D         E       F
            +---------+---------+-------+---------+---------+-------
      Total |     255 |      42 |  14.1 |      52 |       6 |  10.3
            +---------+---------+-------+---------+---------+-------
        D:1 |      33 |       4 |  10.8 |      20 |       2 |   9.1
        D:2 |     117 |      38 |  24.5 |      20 |       4 |  16.7
        D:3 |     102 |       0 |   0.0 |      10 |       0 |   0.0
        D:4 |       3 |       0 |   0.0 |       2 |       0 |   0.0
            +---------+---------+-------+---------+---------+-------
